AoeStats
← THL

Arabia

507634630Analyzed
1v1 RM · 13d ago on Sep 19, 2026· 40m 41s· 2 players
Game mode
Random Map
Map size
Tiny (2 player)
Population
200
Speed
Normal
Resources
Standard
Victory
Conquest
Starting age
Dark Age
Ending age
Imperial Age
RankedLock teamsTeams togetherTeam positionsShared explorationLock speedFull tech treeHidden civsTurbo modeCheats
Victory
Defeat
🇨🇦 Armenians · Canada
1664
+20
🇻🇳 Maya · Vietnam
1744
-20
mkmmcleod
7:09 Loom
9:11 Feudal Age
9:19 Man-at-Arms
10:04 Double-Bit Axe
13:29 Wheelbarrow
17:10 Fletching
17:57 Padded Archer Armor
21:49 Castle Age
21:43 Scale Mail Armor
22:45 Bodkin Arrow
22:26 Elite Skirmisher
23:54 Squires
24:11 Bow Saw
23:52 Gold Mining
28:45 Ballistics
29:48 Town Watch
31:04 Long Swordsman
32:17 Chain Mail Armor
33:31 Two-Handed Swordsman
34:08 Horse Collar
37:45 Forging
38:36 Leather Archer Armor
39:03 Gambesons
41:03 Iron Casting
THL
0:26 Loom
9:02 Feudal Age
10:34 Double-Bit Axe
14:04 Fletching
13:59 Horse Collar
15:29 Fletching
21:06 Castle Age
19:47 Padded Archer Armor
21:11 Crossbowman
21:47 Bodkin Arrow
23:15 Gold Mining
26:32 Bow Saw
26:01 Eagle Warrior
28:23 Scale Mail Armor
29:47 Chain Mail Armor
31:15 Forging
31:25 Squires
36:56 Leather Archer Armor
37:03 Ballistics
Connection lost

Rejoining the realm…

Still unreachable

The connection could not be restored.

Session expired

The server has moved on; the page needs a fresh start.